 Dungeon Crawl Stone Soup version 0.20.1-1-g8b1a95d (webtiles) character file.

72 tidbits the Insei (level 3, 0/27 HPs)
             Began as a Demigod Transmuter on Aug 22, 2017.
             Slain by a shadow imp (3 damage)
             ... on level 6 of the Dungeon.
             The game lasted 00:10:08 (949 turns).

tidbits the Insei (Demigod Transmuter)               Turns: 949, Time: 00:10:08

Health: 0/27       AC:  3    Str: 13    XL:     3   Next: 82%
Magic:  7/9        EV:  8    Int: 19    God:
Gold:   129        SH:  0    Dex: 16    Spells: 4/7 levels left

rFire    + . .     SeeInvis .   l - -3 dagger (curse)
rCold    + . .     Gourm    .   (no shield)
rNeg     . . .     Faith    .   B - +1 robe
rPois    .         Spirit   .   (no helmet)
rElec    .         Reflect  .   C - scarf {rC+ rF+}
rCorr    .         Harm     .   (no gloves)
MR       +....                  (no boots)
Stlth    +.........             (no amulet)
Regen    0.1/turn               m - -4 ring of evasion (curse)
MPRegen  0.2/turn               h - ring of protection from magic

@: drained
A: high mp 1
a: no special abilities


You were on level 6 of the Dungeon.
You were not hungry.

You visited 1 branch of the dungeon, and saw 7 of its levels.

You collected 129 gold pieces.

Inventory:

Hand Weapons
 b - a +2 morningstar of protection
   (You took it off an orc on level 3 of the Dungeon)
 l - a cursed -3 dagger (weapon)
Missiles
 a - 30 arrows
Armour
 k - the +2 helmet of Uggociho {-Cast rElec MR++ rCorr}
   (You found it on level 5 of the Dungeon)

   It insulates you from electricity.
   It affects your resistance to hostile enchantments.
   It prevents spellcasting.
   It protects you from acid and corrosion.
 B - a +1 robe (worn)
 C - a scarf of resistance (worn)
   (You found it on level 3 of the Dungeon)
Jewellery
 h - a ring of protection from magic (right hand)
   (You found it on level 6 of the Dungeon)
 m - a cursed -4 ring of evasion (left hand)
   (You found it on level 1 of the Dungeon)
Scrolls
 e - a scroll of magic mapping
Potions
 j - a potion of curing
Books
 c - a book of Changes

   Spells                             Type                      Level
   a - Beastly Appendage              Transmutation                1
   b - Sticks to Snakes               Transmutation                2
   c - Spider Form                    Transmutation/Poison         3
   d - Ice Form                       Ice/Transmutation            4
   e - Blade Hands                    Transmutation                5
Comestibles
 d - 3 bread rations
 f - 3 chunks of flesh
 g - a royal jelly
 i - 2 meat rations


   Skills:
 - Level 0.8(0.3) Fighting
 - Level 1.7(1.2) Dodging
 - Level 3.9(3.3) Unarmed Combat
 + Level 2.6(2.1) Spellcasting
 - Level 1.7(1.2) Transmutations


You had 4 spell levels left.
You knew the following spells:

 Your Spells              Type           Power        Failure   Level  Hunger
e - Beastly Appendage     Tmut           #.....       10%         1    #......
k - Sticks to Snakes      Tmut           #.......     16%         2    ##.....


Dungeon Overview and Level Annotations

Branches:
Dungeon (7/15)             Temple (0/1) D:4

Annotations:
D:2 Terence


Innate Abilities, Weirdness & Mutations

You have an increased reservoir of magic. (+10% MP)


Message History

You open the door.
There is an open door here.
Eat one of 4 chunks of flesh? (ye/n/q)
You eat one of the 4 chunks of flesh.
This raw flesh tastes terrible.
There is an open door here.
You see here a runed dagger.
l - a runed dagger Wield which item (- for none, * to show all)? (? for menu, Esc to quit)
Your +2 morningstar of protection goes still.
It sticks to your hand!
l - a cursed -3 dagger (weapon)
Okay, then.
There is a stone staircase leading up here.
You climb upwards.
There is a stone staircase leading down here.
Found 17 gold pieces.
Found a staircase to the Ecumenical Temple.
An orc comes into view.
It is wielding a flail. 2 orcs come into view.
The orc shouts! x2
Found 20 gold pieces.
An orc wizard comes into view. It is wielding a dagger.
You fall through a shaft for 3 floors!
The shaft crumbles and collapses.
An adder and a phantom come into view.
Found a stone staircase leading up.
The helpless adder fails to defend itself.
You hit the adder.
The adder is moderately wounded.
The adder barely misses you.
Casting: Sticks to Snakes
Confirm with . or Enter, or press ? or * to list all spells.
You create a snake!
You now have 31 arrows.
The adder bites you but does no damage.
The phantom blinks!
Your ball python bites the adder but does no damage.
Your ball python grabs the adder.
Your ball python constricts the adder.
You hit the adder but do no damage.
The adder is moderately wounded.
The adder bites you.
* * * LOW HITPOINT WARNING * * *
Your ball python bites the adder.
Your ball python constricts the adder.
The phantom blinks!
The adder barely misses you.
You hit the adder.
The adder is severely wounded.
Your ball python bites the adder.
Your ball python constricts the adder.
The adder bites you but does no damage.
You barely miss the adder. You punch the adder.
The adder is almost dead.
Your ball python bites the adder but does no damage.
Your ball python constricts the adder.
The adder dies!
Okay, then.
You feel agile all of a sudden. The phantom hits your ball python.
Your ball python bites the phantom but does no damage.
Your ball python bites the phantom.
The phantom closely misses your ball python.
There is a stone staircase leading up here.
Your ball python bites the phantom.
The phantom barely misses your ball python.
You climb upwards.
There is a stone staircase leading down here.
Found a scratched silver ring. 2 wights come into view.
Found a stone staircase leading up.
Things that are here:
a scratched silver ring; a bread ration
h - a scratched silver ring;
d - 3 bread rations (gained 1) Put on which piece of jewellery? (? for menu, Esc to quit)
h - a ring of protection from magic (right hand)
You feel a little less agile now. The wight closely misses you.
A wight comes into view. It is wielding a falchion.
The wight hits you with a falchion.
* * * LOW HITPOINT WARNING * * *
You feel drained.
* * * LOW HITPOINT WARNING * * *
There is a stone staircase leading up, spattered with blood here.
The wight completely misses you.
The wight hits you with an enchanted mace.
* * * LOW HITPOINT WARNING * * *
You feel drained.
You climb upwards.
Found 20 stones and a leather armour.
There is a stone staircase leading down here.
Found a stone staircase leading down.
There is a stone staircase leading down here.
You climb downwards.
A shadow imp comes into view.
The shadow imp shouts!
The shadow imp barely misses you.
The shadow imp shouts, "Begone, thou tottering tip-merry bladder!"
The shadow imp hits you.
* * * LOW HITPOINT WARNING * * *
There is a stone staircase leading up here.
Casting: Sticks to Snakes
Confirm with . or Enter, or press ? or * to list all spells.
You create a snake!
You now have 30 arrows.
The shadow imp barely misses you.
You barely miss the shadow imp. The shadow imp hits you.
You die...

##########
.......@5#
########S#
.# .# .#
## # .###
....


You could see a shadow imp and a friendly ball python.

Vanquished Creatures
  An orc wizard (D:3)
  An ooze (D:1)
  A giant cockroach (D:2)
  2 bats (D:1)
  3 frilled lizards (D:1)
  3 goblins
  3 kobolds
  7 rats
21 creatures vanquished.

Vanquished Creatures (collateral kills)
  3 adders
  A leopard gecko (D:3)
  5 orcs (D:3)
  A hobgoblin (D:2)
  A bat (D:2)
  A frilled lizard (D:3)
  A goblin (D:3)
  3 kobolds (D:3)
  A leopard gecko zombie (D:3)
  A rat (D:3)
18 creatures vanquished.

Grand Total: 39 creatures vanquished

Notes
Turn   | Place    | Note
-------+----------+-------------------------------------------
     0 | D:1      | tidbits the Demigod Transmuter began the quest for the Orb.
     0 | D:1      | Reached XP level 1. HP: 15/15 MP: 5/5
    34 | D:1      | Reached skill level 3 in Unarmed Combat
    88 | D:2      | Reached XP level 2. HP: 16/22 MP: 5/7
    92 | D:2      | Learned a level 2 spell: Sticks to Snakes
   400 | D:3      | Found a glowing golden altar of the Shining One.
   581 | D:2      | Noticed Terence
   647 | D:3      | Reached XP level 3. HP: 17/27 MP: 1/8
   684 | D:3      | Reached skill level 2 in Spellcasting
   748 | D:3      | HP: 1/27 [kobold/enchanted dagger (5)]
   817 | D:3      | You fall through a shaft for 2 floors!
   817 | D:5      | Entered Level 5 of the Dungeon
   830 | D:5      | Got a pitted helmet
   836 | D:5      | Identified the +2 helmet of Uggociho {-Cast rElec MR++ rCorr} (You found it on level 5 of the Dungeon)
   882 | D:4      | Found a staircase to the Ecumenical Temple.
   885 | D:4      | You fall through a shaft for 3 floors!
   885 | D:7      | Noticed a phantom
   949 | D:6      | Slain by a shadow imp

Skill      XL: |  1  2  3 |
---------------+----------+-----
Unarmed Combat | 3 |  3.9
Spellcasting   | 2 |  2.6
Fighting       | |  0.8
Dodging        | |  1.7
Transmutations | |  1.7

Action                   || total
-------------------------++-------
Melee: Unarmed           ||    51
       Kick              ||     5
       Dagger            ||     5
       Morningstar       ||     2
       Punch             ||     1
 Cast: Beastly Appendage ||    14
       Sticks to Snakes  ||    21
  Use: Scroll            ||     9
       Potion            ||     1
 Stab: Distracted        ||     1
       Sleeping          ||     1
  Eat: Chunk             ||     2
Armor: Robe              ||     5
Dodge: Dodged            ||    41

Table legend:
 A = Turns spent in this place as a percentage of turns spent in the entire game.
 B = Non-inter-level travel turns spent in this place as a percentage of non-inter-level travel turns spent in the entire game.
 C = Inter-level travel turns spent in this place as a percentage of turns spent in this place.
 D = Turns resting spent in this place as a percentage of non-inter-level travel turns spent in this place.
 E = Turns spent auto-exploring this place as a percentage of non-inter-level travel turns spent in this place.
 F = Non-inter-level travel turns spent in this place divided by the number of levels of this place that you've seen.
                   A       B       C       D       E      F
               +-------+-------+-------+-------+-------+----------------------
         Total | 100.0 | 100.0 |   0.0 |   0.0 |   0.0 | 129.9
       Dungeon | 100.0 | 100.0 |   0.0 |   0.0 |   0.0 | 129.9
               +-------+-------+-------+-------+-------+----------------------

Table legend:
 A = Kills in this place as a percentage of kills in entire the game.
 B = Kills by you in this place as a percentage of kills by you in the entire game.
 C = Kills by friends in this place as a percentage of kills by friends in the entire game.
 D = Other kills in this place as a percentage of other kills in the entire game.
 E = Experience gained in this place as a percentage of experience gained in the entire game.
 F = Experience gained in this place divided by the number of levels of this place that you have seen.
                   A       B       C       D       E      F
               +-------+-------+-------+-------+-------+----------------------
         Total | 100.0 | 100.0 | 100.0 |  -nan | 100.0 |  14.9
       Dungeon | 100.0 | 100.0 | 100.0 |  -nan | 100.0 |  14.9
               +-------+-------+-------+-------+-------+----------------------

Vault maps used:
D:1:      dpeg_arrival_round_c
D:2:      uniq_terence
D:3:      lightli_temple_of_fire, nicolae_overflow_hidden_temple, serial_glass,
          glass_columns_c, glass_columns_a, glass_columns_c, glass_columns_a,
          glass_columns_b, first_bread, st_stairs_2, grunt_ministairs_8,
          nicolae_tso_carved_into_rock
D:4:      corexii_shantytown, minmay_temple_entry_large_hall
D:6:      makhleb_heckhound_becter
D:7:      kennysheep_mini, the_bakery, vehumet_altar_wand_db
